cohdb
Replays
Latest Replays
All Replays
Popular Replays
Top Player Replays
Match Explorer
How It Works
Community
CoH3 Stats
Reddit
Sign in to upload your games and track your stats! →
Sign in with Steam
Match 45779837
Unlisted
Match 45779837
Overview
Messages
Build Orders
End
Panzerpioneer Squad
Selects Italian Infantry
250 Light Carrier
Construct Light Support Kompanie
Selects Defensive Operations
Panzergrenadier Squad
MG34 Team
Construct Mechanized Kompanie
Marder III Tank Destroyer
Selects Guastatori Squad
Guastatori Squad
Guastatori Squad
Veteran Squad Leaders
Guastatori Squad
Selects Registered Artillery
Marder III Tank Destroyer
Tungsten Core Ammunition
Selects Prepared Positions
Construct Panzerarmee Kommand
Marder III Tank Destroyer
Selects Towed Cannone da 105/28 Field Howitzer
AI Takeover
ROCKETS
zhe8886
Nano3R
MillenniumKnight
Phil
Sauceram
0
0
Comments
sign in to comment!
No comments posted yet!